 Dungeon Crawl Stone Soup version 0.22-a0-322-g60b3cfd (webtiles) character file.

668 Kairos the Chopper (level 7, -3/54 HPs)
             Began as a Human Fighter on Apr 5, 2018.
             Killed by divine providence
             ... invoked by an orc priest
              (15 damage)
             ... on level 3 of the Dungeon.
             The game lasted 00:07:03 (3460 turns).

Kairos the Chopper (Human Fighter)                  Turns: 3460, Time: 00:07:04

Health: -3/54      AC:  7    Str: 17    XL:     7   Next: 88%
Magic:  7/7        EV:  8    Int:  8    God:
Gold:   141        SH:  9    Dex: 14    Spells: 6/6 levels left

rFire    . . .     SeeInvis .   a - +0 war axe
rCold    . . .     Gourm    .   c - +0 shield
rNeg     . . .     Faith    .   b - +0 scale mail
rPois    .         Spirit   .   (no helmet)
rElec    .         Reflect  .   (no cloak)
rCorr    .         Harm     .   (no gloves)
MR       +....                  (no boots)
Stlth    ..........             (no amulet)
HPRegen  0.18/turn              i - ring of protection from magic
MPRegen  0.10/turn              (no ring)

@: no status effects
A: no striking features
a: no special abilities


You were on level 3 of the Dungeon.
You were hungry.

You visited 1 branch of the dungeon, and saw 3 of its levels.
You also visited: Sewer.

You collected 141 gold pieces.

Inventory:

Hand Weapons
 a - a +0 war axe (weapon)
 l - a +2 mace of protection
Armour
 b - a +0 scale mail (worn)
 c - a +0 shield (worn)
Jewellery
 i - a ring of protection from magic (left hand)
Scrolls
 e - a scroll of amnesia {unknown}
 g - 2 scrolls of remove curse
 h - a scroll of fog
 k - 2 scrolls of magic mapping {unknown}
Potions
 d - 2 potions of might
 j - a potion of mutation {unknown}
Comestibles
 f - a ration


   Skills:
 + Level 4.1 Fighting
 + Level 5.1 Axes
 + Level 5.0 Armour
 + Level 2.2 Dodging
 + Level 0.3 Stealth
 + Level 4.3 Shields


You had 6 spell levels left.
You didn't know any spells.

Dungeon Overview and Level Annotations

Branches:
Dungeon (3/15)

Altars:
Fedhas
Kikubaaqudgha
Ru
Sif Muna
Vehumet
The Shining One


Message History

You kill the orc!
You hear a shout!
You block the orc wizard's attack.
You hit the orc wizard.
The orc wizard is heavily wounded.
The orc wizard gestures at you while chanting.
The magic dart hits you!
You slash the orc wizard!
You kill the orc wizard!
Your Armour skill increases to level 5!
The orc priest hits you with a falchion.
* * * LOW HITPOINT WARNING * * *
You slash the orc priest!
The orc priest is severely wounded.
The orc priest casts a cantrip, but nothing happens.
You hit the orc priest.
The orc priest is severely wounded.
The orc priest calls down the wrath of Beogh upon you.
Beogh smites you!
You die...

#.##....## #[#
#.##.#### ##.##
###.##.### #.<..
#........# #..##
#.#.#..#.# ###.)##
#.#.#.##.# #.....#
#.#.#.##>###.....#
#.#..#............
#@###.##.###.....#
#o# #.##.# #......
#.# #.##.# ####.##
#.# #.##.# #.# ...
...... #.# #..
.....# #.# ### ...
.. ... #....


You could see an orc priest.

Vanquished Creatures
  4 big kobolds (Sewer)
  3 orc wizards (D:3)
  Terence (D:2)
  4 gnolls (D:2)
  7 adders
  2 river rats (Sewer)
  7 oozes
  3 worms
  3 dart slugs
  23 orcs (D:3)
  7 bats
  4 giant cockroaches
  7 hobgoblins
  3 quokkas
  8 ball pythons
  6 frilled lizards
  10 goblins
  8 kobolds
  5 rats
115 creatures vanquished.

Notes
Turn   | Place    | Note
-------+----------+-------------------------------------------
     0 | D:1      | Kairos the Human Fighter began the quest for the Orb.
     0 | D:1      | Reached XP level 1. HP: 18/18 MP: 1/1
    14 | D:1      | Reached XP level 2. HP: 20/24 MP: 2/2
   113 | D:1      | Reached XP level 3. HP: 28/29 MP: 3/3
   617 | D:2      | Found a glowing golden altar of the Shining One.
   634 | D:2      | Noticed Terence
   651 | D:2      | HP: 1/29 [Terence/flail (6)]
   654 | D:2      | Killed Terence
   654 | D:2      | Reached XP level 4. HP: 1/35 MP: 4/4
  1207 | D:2      | Found a deep blue altar of Sif Muna.
  1207 | D:2      | Found an ancient bone altar of Kikubaaqudgha.
  1213 | D:2      | Found a radiant altar of Vehumet.
  1216 | D:2      | Identified Vehumet's Disquisition on Attacks
  1366 | D:1      | Reached skill level 1 in Dodging
  1630 | D:2      | Reached XP level 5. HP: 42/42 MP: 5/5
  1951 | D:2      | Found a blossoming altar of Fedhas.
  2068 | D:3      | Reached XP level 6. HP: 25/48 MP: 6/6
  2367 | D:3      | Found a sacrificial altar of Ru.
  2463 | D:3      | Found a glowing drain.
  2488 | Sewer    | Entered a sewer
  2624 | Sewer    | Reached XP level 7. HP: 44/54 MP: 7/7
  3199 | Sewer    | Reached skill level 5 in Axes
  3458 | D:3      | Reached skill level 5 in Armour
  3460 | D:3      | Killed from afar by an orc priest

Vault maps used:
D:1:      minmay_arrival_stone_box
D:2:      grunt_temple_overflow_magic_moments, lemuel_doored_altar,
          tso_oasis_becter, uniq_terence
D:3:      nicolae_overflow_hidden_temple, portal_sewer_entry_d,
          chequers_big_river, uniq_crazy_yiuf_cottage
Sewer:    sewer_co_tree

Skill      XL: |  1  2  3  4  5  6  7 |
---------------+----------------------+-----
Dodging        | 1 2 |  2.2
Axes           | 3 4 5 |  5.1
Armour         | 4 5 |  5.0
Fighting       | 4 |  4.1
Shields        | 4 |  4.3
Stealth        | |  0.3

Action                   |  1- 3 |  4- 6 |  7- 9 || total
-------------------------+-------+-------+-------++-------
Melee: War axe           |    76 |   194 |   125 ||   395
  Use: Scroll            |       |     4 |       ||     4
  Eat: Chunk             |       |     5 |     4 ||     9
Armor: Scale mail        |    39 |   106 |    49 ||   194
Dodge: Dodged            |    32 |    78 |    34 ||   144
Block: Shield            |    53 |   126 |    67 ||   246

Table legend:
 A = Spawn XP
 B = Non-spawn XP
 C = Spawn XP percentage of total XP
 D = Spawn monster count
 E = Non-spawn monster count
 F = Spawn count percentage of total count
 G = Total turns spent on level
                    A         B        C        D         E        F      G
               +---------+---------+-------+---------+---------+-------+---------
         Total |       0 |     955 |   0.0 |       0 |     115 |   0.0 |  3460
               +---------+---------+-------+---------+---------+-------+---------
           D:1 |       0 |      55 |   0.0 |       0 |      24 |   0.0 |   833
           D:2 |       0 |     136 |   0.0 |       0 |      28 |   0.0 |  1310
           D:3 |       0 |     230 |   0.0 |       0 |      35 |   0.0 |   507
         Sewer |       0 |     534 |   0.0 |       0 |      28 |   0.0 |   810
               +---------+---------+-------+---------+---------+-------+---------
